 Dungeon Crawl Stone Soup version 0.19-a0-1895-g783e625 (webtiles) character file.

653897 nixsoul the Axe Maniac (level 27, -2/273 HPs)
             Began as a Hill Orc Fighter on Oct 19, 2016.
             Was the Champion of Makhleb.
             Killed from afar by an orb of fire (9 damage)
             ... with a fireball
             ... on level 5 of the Realm of Zot.
             The game lasted 05:44:48 (64996 turns).

nixsoul the Axe Maniac (Hill Orc Fighter)          Turns: 64996, Time: 05:44:49

Health: -2/273     AC: 59    Str: 32    XL:     27
Magic:  33/35      EV: 28    Int:  8    God:    Makhleb [******]
Gold:   3175       SH: 17    Dex: 13    Spells: 0 memorised, 26 levels left

rFire  + + +     SeeInvis +     S - +4 broad axe (flame)
rCold  + . .     Gourm    .     Q - +4 crystal plate armour
rNeg   . . .     Faith    .     I - +2 shield {AC+3}
rPois  +         Spirit   .     r - +1 helmet {SInv}
rElec  +         Reflect  .     D - +2 cloak {rPois}
rCorr  +         Harm     +     t - +2 pair of gloves
MR     +++++     Rnd*Rage +     p - +0 pair of boots
Stlth  ..........               q - amulet of Law {Harm *Corrode *Drain rF+++ MR++}
                                A - +6 ring of evasion
                                v - +5 ring of protection

@: agile, about to teleport, resistant, very slightly contaminated, hasted, very
quick
A: fangs 2, iridescent scales 1, berserk 2, clumsy 1, magic resistance 1,
evolution 1, no device heal 2
a: Minor Destruction, Lesser Servant of Makhleb, Major Destruction, Greater
Servant of Makhleb, Renounce Religion
}: 3/15 runes: decaying, serpentine, silver


You were on level 5 of the Realm of Zot.
You worshipped Makhleb.
Makhleb was exalted by your worship.
You were not hungry.

You visited 9 branches of the dungeon, and saw 48 of its levels.
You visited 1 bazaar.
You also visited: Labyrinth, Ice Cave and Wizlab.

You collected 7144 gold pieces.
You spent 3969 gold pieces at shops.

Inventory:

Hand Weapons
 z - a +2 broad axe of freezing
 S - a +4 broad axe of flaming (weapon)
Missiles
 E - 3 tomahawks of dispersal (quivered)
Armour
 p - a +0 pair of boots (worn)
 r - a +1 helmet of see invisible (worn)
 t - a +2 pair of gloves (worn)
 D - a +2 cloak of poison resistance (worn)
 I - a +2 shield of protection (worn)
 Q - a +4 crystal plate armour (worn)
Jewellery
 k - an uncursed ring of protection from magic
 l - the amulet "Sathrix" {Reflect rPois rC- rN+ Dex+2 SH+4}
   (You bought it in a shop on level 4 of the Snake Pit)

   [amulet of reflection]

   It shields you and reflects attacks.
   It affects your dexterity (+2).
   It makes you vulnerable to cold.
   It protects you from poison.
   It protects you from negative energy.
   It affects your SH (+4).
 q - the amulet of Law (around neck) {Harm *Corrode *Drain rF+++ MR++}
   (You took it off a deep elf high priest on level 5 of the Vaults)

   [amulet of harm]

   It increases damage dealt and taken.
   It renders you almost immune to fire.
   It affects your resistance to hostile enchantments.
   It may corrode you when you take damage.
   It causes draining when unequipped.
 v - a +5 ring of protection (left hand)
 y - an uncursed ring of positive energy
 A - a +6 ring of evasion (right hand)
 M - the amulet "Vazotin" {rC+ Regen+ SInv}
   (You took it off a vampire knight on level 4 of the Depths)

   [amulet of regeneration]

   It protects you from cold.
   It lets you see invisible.
   It increases your rate of regeneration.
 R - the ring of Fiaqyed {+Fly Str+2}
   (You found it on level 4 of the Depths)

   [ring of flight]

   It affects your strength (+2).
   It lets you fly.
Wands
 a - a wand of polymorph (17/24)
 o - a wand of hasting (3/9)
 s - a wand of iceblast (9/15)
 u - a wand of acid (9/15)
 F - a wand of teleportation (5/9)
 H - a wand of disintegration (13/24)
 X - a wand of hasting (9/9)
 Y - a wand of digging (11/24)
 Z - a wand of slowing (29/48)
Scrolls
 b - 4 scrolls of fear
 d - 3 scrolls of magic mapping
 i - 4 scrolls of blinking
 j - 17 scrolls of teleportation
 m - 8 scrolls of fog
 B - 8 scrolls of identify
 C - 10 scrolls of remove curse
 J - a scroll of holy word
 U - a scroll of recharging
 V - 2 scrolls of silence
Potions
 c - 2 potions of ambrosia
 e - 2 potions of berserk rage
 n - a potion of resistance
 w - 2 potions of agility
 x - 5 potions of flight
 G - a potion of cancellation
 K - 4 potions of might
 L - 2 potions of cure mutation
 P - 3 potions of haste
 T - 6 potions of invisibility
Comestibles
 f - 17 bread rations
 g - 32 meat rations
 N - 21 fruits


   Skills:
 O Level 27 Fighting
 O Level 27 Axes
   Level 1.9 Crossbows
 O Level 27 Armour
 + Level 17.4 Dodging
 - Level 15.0 Shields
 - Level 17.0 Invocations


You had 26 spell levels left.
You didn't know any spells.

Dungeon Overview and Level Annotations

Branches:
Dungeon (15/15)            Temple (0/1) D:6            Lair (6/6) D:8
  Swamp (4/4) Lair:3        Snake (4/4) Lair:3        Slime (0/5) Lair:5
    Orc (2/2) D:11            Elf (2/3) Orc:2        Vaults (5/5) D:14
  Crypt (0/3) Vaults:2     Depths (5/5) D:15            Zot (5/5) Depths:5

Altars:
Dithmenos
Elyvilon
Fedhas
Gozag
Kikubaaqudgha
Makhleb
Okawaru
Qazlal
Ru
Uskayaw
Vehumet
Xom
Yredelemnul
Zin
Beogh
Jiyva

Shops:
D:5 [   D:10 *   D:11 %*(   Orc:2 [(?!   Elf:2 *   Snake:4 }}=   Depths:1 [:

Portals:
Hell: Depths:1 Depths:2 Depths:3 Depths:4 Depths:5
Abyss: Depths:3 Depths:4
Pandemonium: Depths:3
Ziggurat: Depths:1
Trove: Depths:3 (show slimy rune of Zot)


Innate Abilities, Weirdness & Mutations

You have extremely sharp teeth.
You are partially covered in iridescent scales. (AC +2)
You often lose your temper in combat.
You are clumsy. (Dex -2)
You are resistant to hostile enchantments. (MR+)
You evolve.
Potions and wands are poor at restoring your health.


Message History

The Killer Klown blinks!
As you read the scroll of teleportation, it crumbles to dust.
You feel strangely unstable.
You feel the Orb delaying your translocation!
Okay, then.
It has a very clean taste.
You feel agile.
You feel stable.
You feel less resistant to hostile enchantments.
You no longer feel cold resistant.
The orb of fire emits a lurid red light.
The fireball explodes!
The fireball engulfs you! You resist.
* * * LOW HITPOINT WARNING * * *
The fireball engulfs the orb of fire.
The orb of fire completely resists.
Your system partially rejects the healing.
You feel better.
Your system partially rejects the healing.
You feel better.
The orb of fire glows red.
The fireball explodes!
The fireball engulfs you! You resist.
You die...

* ▓▓▓▓....)...... ***
▓▓▓.............. ,,**
▓▓................ ,,,* ▓▓▓▓▓▓▓▓▓
▓.................
,,,*▓▓....lq.▓▓▓......^..........
,,,*▓.....k...▓▓........^........
,,,*.......)D..▓.................
,,,,.....0.p..k**................
,,,*...........▓@................
,,,*▓.........▓▓.................
,,,*▓▓.......▓▓▓.................
,,,* ▓▓▓▓▓▓▓▓▓ #.................
,,** ##...............^ ***
*#▓.............. *
*▓▓▓........... ▓#
#▓▓▓▓▓▓▓▓▓▓▓##.. .###
###..^^)).........


You could see 2 orbs of fire, a Killer Klown, an ice dragon (fleeing), a green
draconian caller (fleeing), a death drake, a lindwurm (fleeing) and a komodo
dragon (fleeing).

Vanquished Creatures
  2 ancient liches (Zot:5)
  8 orbs of fire
  3 juggernauts
  Mara (Depths:1)
  Bai Suzhen (Vaults:4)
  Xtahua (Depths:5)
  3 Killer Klowns
  8 golden dragons
  A curse toe (Zot:3)
  Jory (Depths:4)
  the Enchantress (Depths:5)
  Nikola (Snake:2)
  The ghost of toastedzergling the Crack Shot, a veteran HEAM of Okawaru (Depths:3)
  An electric golem (Zot:3)
  2 liches
  15 tentacled monstrosities
  Rupert (Lair:5)
  21 Orb Guardians (Zot:5)
  8 quicksilver dragons
  11 titans
  9 sphinxes
  Frances (D:12)
  9 death cobs
  Agnes (D:15)
  14 tengu reavers
  5 shadow dragons
  10 storm dragons
  3 thorn hunters
  2 draconian monks
  8 nagarajas
  5 deep elf sorcerers
  16 vault wardens
  6 fire giants
  8 frost giants
  7 ghost moths
  4 iron dragons
  3 draconian knights
  3 draconian scorchers
  6 draconian zealots
  An orc warlord (Orc:2)
  7 draconian shifters
  The ghost of mamga the Executioner, a journeyman CeBe of Trog (Snake:1)
  A ghoul (Vaults:3)
  28 very ugly things
  14 ironheart preservers
  3 war gargoyles (Vaults:5)
  23 stone giants
  An entropy weaver (Vaults:3)
  3 spriggan defenders (Depths:5)
  4 draconian annihilators
  3 draconian callers
  5 vampire knights (Depths:4)
  19 green draconians
  2 deep elf annihilators
  6 deep elf demonologists
  11 purple draconians
  Azrael (Orc:1)
  6 mottled draconians
  13 spark wasps
  A dire elephant (Lair:6)
  2 pale draconians (Depths:5)
  9 black draconians
  11 yellow draconians
  12 white draconians
  11 red draconians
  16 ettins
  3 deep elf death magi
  A minotaur (Lab)
  19 yaktaur captains
  3 deep elf high priests
  2 merfolk impalers (Depths:2)
  12 fire dragons
  34 vault guards
  7 great orbs of eyes
  11 naga warriors
  6 rakshasas
  9 spriggan air magi
  4 catoblepae
  13 ice dragons
  16 hydras
  6 anacondas
  11 centaur warriors
  A ghost crab (Swamp:3)
  The ghost of TwistedFlax the Protected, a novice MiFi of Okawaru (D:11)
  21 dancing weapons
  6 death knights
  8 alligators
  15 deep troll earth magi
  15 ogre magi
  4 tengu warriors
  11 deep troll shamans
  25 death yaks
  2 shock serpents
  5 spriggan berserkers
  2 vampire magi
  3 hell hogs (Depths:2)
  14 naga sharpshooters
  28 deep elf knights
  A fire crab (shapeshifter) (Vaults:2)
  4 iron trolls
  5 shadow wraiths (Depths:4)
  4 salamander mystics
  11 skeletal warriors
  5 unseen horrors
  4 spriggan druids
  2 sea snakes (Snake:4)
  41 deep trolls
  16 deep elf archers
  A glowing orange brain (Vaults:4)
  6 flayed ghosts
  An orange crystal statue (Depths:2)
  12 hill giants
  A shadow demon (Depths:3)
  12 naga ritualists
  4 wizards
  13 swamp dragons
  18 ironbrand convokers
  A shambling mangrove (Swamp:4)
  18 orc knights
  Pikel (D:5)
  4 harpies (Vaults:2)
  2 wolf spider zombies (D:15)
  9 phantasmal warriors
  A wolf spider (shapeshifter) (Vaults:5)
  A lindwurm (shapeshifter) (Vaults:4)
  4 necromancers
  13 mana vipers
  A tengu skeleton (Vaults:3)
  5 human zombies
  2 orc sorcerers
  65 ugly things
  67 deep elf magi
  19 moths of wrath
  A manticore (shapeshifter) (Vaults:5)
  A manticore (D:14)
  7 wolf spiders
  An elephant (shapeshifter) (Vaults:5)
  12 cyclopes
  3 centaur zombies
  18 salamanders
  8 elephants (Lair:6)
  A stone giant skeleton (Vaults:5)
  36 black mambas
  4 guardian serpents
  2 rust devils (Depths:3)
  A molten gargoyle (Depths:1)
  2 ice statues (IceCv)
  23 naga magi
  19 vault sentinels
  A torpor snail (Lair:3)
  Joseph (D:9)
  A storm dragon simulacrum (Vaults:2)
  4 gargoyles
  9 freezing wraiths
  A smoke demon (Depths:3)
  A spiny frog (shapeshifter) (D:15)
  A rime drake (shapeshifter) (Depths:4)
  A komodo dragon (shapeshifter) (Vaults:2)
  12 spiny frogs
  11 komodo dragons
  3 yaktaurs (shapeshifter)
  5 kobold demonologists
  3 rime drakes
  39 yaktaurs
  An efreet (D:14)
  A hellwing (Depths:3)
  A queen bee (shapeshifter) (D:13)
  A tengu conjurer (D:15)
  A queen bee (D:8)
  9 trolls
  A jumping spider (Vaults:3)
  A meliai (shapeshifter) (D:14)
  26 two-headed ogres
  A polar bear (shapeshifter) (Vaults:2)
  A wolf spider simulacrum (D:15)
  A hornet (shapeshifter) (Vaults:3)
  2 polar bears (Lair:6)
  2 tyrant leeches
  A minotaur skeleton (Lab)
  21 blink frogs
  20 hornets
  A two-headed ogre (shapeshifter) (Vaults:3)
  An ettin zombie (Vaults:3)
  11 dream sheep
  A hippogriff (shapeshifter) (Depths:2)
  8 bog bodies
  47 slime creatures
  7 hippogriffs
  11 air elementals
  10 water elementals
  11 shadows
  A tarantella (shapeshifter) (Elf:1)
  6 wyverns
  A centaur simulacrum (D:15)
  3 redbacks (Vaults:3)
  19 spriggans
  2 vampires
  4 fire elementals
  14 wraiths
  47 yaks
  20 humans (D:14)
  A yak (shapeshifter) (D:15)
  Grum (D:9)
  A human (shapeshifter) (Vaults:1)
  2 fire bats (Depths:1)
  4 hungry ghosts
  A chaos spawn (Depths:3)
  5 steam dragons
  A golden eye (shapeshifter) (Vaults:3)
  27 vampire mosquitoes
  37 nagas
  12 wargs
  21 insubstantial wisps
  A mottled dragon (shapeshifter) (D:13)
  A soldier ant (D:12)
  12 water moccasins
  16 swamp worms
  9 porcupines
  The ghost of SaltIsReal the Cutter, an amateur VSFi (D:3)
  12 hell hounds
  13 swamp drakes
  44 orc warriors
  3 sky beasts
  3 black bears (shapeshifter)
  An ettin simulacrum (Vaults:2)
  An eye of draining (D:13)
  A phantom (D:6)
  A slave (D:5)
  18 ice beasts
  2 necrophages
  15 wolves
  8 boggarts
  11 centaurs
  46 ogres
  13 crocodiles
  20 bullfrogs
  3 big kobolds
  A gnoll sergeant (D:5)
  10 earth elementals
  2 hornet simulacra
  4 scorpions
  14 wights
  22 killer bees
  5 howler monkeys
  9 crimson imps
  A quasit (D:11)
  A bullfrog zombie (D:9)
  2 lava snakes (D:13)
  8 jellies
  36 orc priests
  6 hounds
  4 centaur skeletons
  31 orc wizards
  Ijyb (D:2)
  3 iguanas
  6 worker ants
  A hound zombie (D:11)
  2 hound skeletons
  A worker ant zombie (D:11)
  11 gnolls
  14 adders
  2 howler monkey skeletons
  3 river rats (D:8)
  5 shadow imps
  12 white imps (D:14)
  2 oozes
  2 adder skeletons
  8 worms
  A dart slug (D:1)
  7 leopard geckos
  126 orcs
  A ball python (D:1)
  A giant cockroach (D:3)
  12 goblins
  9 hobgoblins
  7 jackals
  A quokka (D:2)
  17 bats
  11 frilled lizards
  16 kobolds
  A leopard gecko skeleton (D:8)
  3 quokka skeletons
  A quokka zombie (D:6)
  20 rats
  8 briar patches
  A bush (Lair:6)
  A butterfly (Lair:4)
  9 fungi
  12 plants
2527 creatures vanquished.

Vanquished Creatures (collateral kills)
  A curse toe (Zot:4)
  An electric golem (Zot:5)
  Jorgrun (Elf:2)
  An Orb Guardian (Zot:5)
  A quicksilver dragon (Depths:2)
  A sphinx (D:15)
  2 storm dragons (Depths:2)
  An iron dragon (Depths:2)
  A stone giant (Orc:1)
  3 spark wasps (Depths:2)
  2 hydras
  A merfolk impaler (Depths:2)
  A centaur skeleton (D:13)
  A centaur zombie (D:12)
18 creatures vanquished.

Vanquished Creatures (others)
  2 stone giants
  Nessos (D:12)
  A red draconian (Zot:5)
  3 yaktaur captains
  A dancing weapon (Elf:2)
  2 deep elf knights
  An unseen horror (shapeshifter) (Depths:1)
  4 deep elf archers
  A cyclops (Vaults:1)
  A deep elf mage (D:15)
  A moth of wrath (Zot:2)
  A naga mage (Snake:4)
  5 yaktaurs
  A fire elemental (Elf:2)
  An orc warrior (D:15)
  2 boggarts (Depths:3)
  A centaur (Depths:4)
  A crimson imp (D:5)
  An iguana (D:5)
  A gnoll (D:5)
  An orc (D:5)
  A quokka (D:5)
  A briar patch (Swamp:3)
  A bush (Lair:6)
  18 fungi
  46 plants
100 creatures vanquished.

Grand Total: 2645 creatures vanquished

Notes
Turn   | Place    | Note
-------+----------+-------------------------------------------
     0 | D:1      | nixsoul the Hill Orc Fighter began the quest for the Orb.
     0 | D:1      | Reached XP level 1. HP: 19/19 MP: 1/1
   214 | D:1      | Reached XP level 2. HP: 26/27 MP: 2/2
   452 | D:1      | Reached XP level 3. HP: 33/33 MP: 3/3
  1378 | D:2      | Noticed Ijyb
  1398 | D:2      | Killed Ijyb
  1398 | D:2      | Reached skill level 5 in Axes
  1398 | D:2      | Reached XP level 4. HP: 9/41 MP: 4/4
  1881 | D:2      | Found a hide-covered altar of Uskayaw.
  1901 | D:2      | Reached XP level 5. HP: 37/47 MP: 5/5
  2119 | D:3      | Reached skill level 5 in Fighting
  2821 | D:3      | Found a blossoming altar of Fedhas.
  2871 | D:3      | Found an opulent altar of Gozag.
  2876 | D:3      | Reached XP level 6. HP: 46/56 MP: 6/6
  2884 | D:3      | Noticed SaltIsReal's ghost (amateur VSFi)
  2897 | D:3      | Killed SaltIsReal's ghost
  3501 | D:4      | Noticed a phantom
  3598 | D:4      | Found a burning altar of Makhleb.
  3598 | D:4      | Noticed a cacodemon
  3607 | D:4      | Reached XP level 7. HP: 37/62 MP: 7/7
  3805 | D:4      | Noticed a neqoxec
  3805 | D:4      | Noticed a ynoxinul
  3807 | D:4      | Became a worshipper of Makhleb the Destroyer
  4351 | D:4      | Reached skill level 1 in Invocations
  4622 | D:5      | Entered Level 5 of the Dungeon
  4735 | D:5      | Noticed Pikel
  4760 | D:5      | Killed Pikel
  4760 | D:5      | Reached XP level 8. HP: 71/71 MP: 7/10
  5294 | D:5      | Reached * piety under Makhleb
  5323 | D:5      | Found Rythroptey's Antique Armour Emporium.
  5332 | D:5      | Bought a pair of gloves for 76 gold pieces
  5332 | D:5      | Bought a runed cloak for 178 gold pieces
  5701 | D:6      | Reached skill level 10 in Axes
  5813 | D:6      | Reached skill level 5 in Armour
  5910 | D:6      | Reached skill level 5 in Shields
  5910 | D:6      | Reached XP level 9. HP: 56/79 MP: 12/12
  6025 | D:6      | Found a staircase to the Ecumenical Temple.
  6129 | D:6      | Reached ** piety under Makhleb
  6752 | D:6      | Found a shimmering altar of Xom.
  7597 | D:7      | Reached skill level 5 in Invocations
  7641 | D:7      | Found a glowing silver altar of Zin.
  7645 | D:7      | Found a sacrificial altar of Ru.
  7645 | D:7      | Found a shadowy altar of Dithmenos.
  7647 | D:7      | Found a stormy altar of Qazlal.
  7722 | D:7      | Found a white marble altar of Elyvilon.
  8018 | D:7      | Found a basalt altar of Yredelemnul.
  8121 | D:8      | Reached *** piety under Makhleb
  8289 | D:8      | Identified the Papyrus of Darkness and Shape Shifting
  8551 | D:8      | Reached XP level 10. HP: 64/90 MP: 14/14
  9375 | D:8      | Reached **** piety under Makhleb
  9845 | D:8      | Found a staircase to the Lair.
 10061 | Lair:1   | Entered Level 1 of the Lair of Beasts
 10447 | Lair:1   | Found a labyrinth entrance.
 10458 | Lair:1   | Noticed a spiny frog
 10473 | Lab      | Entered a labyrinth
 10916 | Lab      | Noticed a minotaur
 10959 | Lab      | Killed a minotaur
 10959 | Lab      | Reached XP level 11. HP: 76/97 MP: 16/16
 10986 | Lab      | Identified Leanuq's Reference Book on Enchantment
 12121 | Lair:2   | Reached skill level 10 in Fighting
 12893 | Lair:3   | Noticed a catoblepas
 12927 | Lair:3   | Killed a catoblepas
 13134 | Lair:3   | Reached XP level 12. HP: 107/107 MP: 18/18
 13212 | Lair:3   | Found a staircase to the Swamp.
 13213 | Lair:3   | Found a staircase to the Snake Pit.
 13297 | Lair:3   | You fall through a shaft for 3 floors!
 13297 | Lair:6   | Entered Level 6 of the Lair of Beasts
 13340 | Lair:6   | Noticed a death yak
 13342 | Lair:6   | Noticed a death yak
 13342 | Lair:6   | Noticed a death yak
 13343 | Lair:6   | Noticed a death yak
 13643 | Lair:4   | Reached ***** piety under Makhleb
 13928 | Lair:4   | Noticed a death yak
 13929 | Lair:4   | Noticed a death yak
 13930 | Lair:4   | Noticed a death yak
 13946 | Lair:4   | Noticed a death yak
 13957 | Lair:4   | Killed a death yak
 13957 | Lair:4   | Reached skill level 15 in Axes
 13986 | Lair:4   | Killed a death yak
 13992 | Lair:4   | Killed a death yak
 13997 | Lair:4   | Killed a death yak
 14735 | Lair:5   | Found a viscous altar of Jiyva.
 14735 | Lair:5   | Found a staircase to the Slime Pits.
 14882 | Lair:5   | Reached skill level 10 in Invocations
 15095 | Lair:5   | Noticed a five-headed hydra
 15097 | Lair:5   | Noticed Rupert
 15120 | Lair:5   | Killed a six-headed hydra
 15158 | Lair:5   | Killed Rupert
 15158 | Lair:5   | Reached skill level 10 in Armour
 15393 | Lair:5   | Reached XP level 13. HP: 116/116 MP: 20/20
 15752 | Lair:6   | Reached skill level 10 in Shields
 16591 | Lair:6   | Reached ****** piety under Makhleb
 16708 | Lair:6   | Reached XP level 14. HP: 27/126 MP: 22/22
 17428 | Lair:6   | Noticed a dire elephant
 17457 | Lair:6   | Killed a dire elephant
 17495 | Lair:6   | Got an ichor-stained falchion
 17527 | Lair:6   | Identified the cursed +0 falchion "Migaggoo" {speed, rC+ Int+3} (You found it on level 6 of the Lair of Beasts)
 18169 | D:9      | Noticed Joseph
 18182 | D:9      | Killed Joseph
 18251 | D:9      | Found a radiant altar of Vehumet.
 18252 | D:9      | Noticed Grum
 18278 | D:9      | Killed Grum
 18663 | D:10     | Entered Level 10 of the Dungeon
 18861 | D:10     | Found Loar Deu's Assorted Antiques.
 18870 | D:10     | Bought a scroll of teleportation for 78 gold pieces
 19113 | D:10     | Gained mutation: Your system is resistant to poisons. (rPois) [potion of mutation]
 19113 | D:10     | Gained mutation: Your body sometimes deteriorates upon taking damage. [potion of mutation]
 19284 | D:10     | Lost mutation: Your body sometimes deteriorates upon taking damage. [potion of cure mutation]
 19284 | D:10     | Lost mutation: Your system is resistant to poisons. (rPois) [potion of cure mutation]
 19426 | D:11     | Found Daqaunif's Food Emporium.
 19463 | D:11     | Found Maegof's Assorted Antiques.
 19549 | D:11     | Found Zinti's Antique Weapon Boutique.
 19732 | D:11     | Noticed TwistedFlax's ghost (novice MiFi)
 19742 | D:11     | Found a staircase to the Orcish Mines.
 19758 | D:11     | Killed TwistedFlax's ghost
 20151 | Orc:1    | Entered Level 1 of the Orcish Mines
 20272 | Orc:2    | Entered Level 2 of the Orcish Mines
 20449 | Orc:2    | Found a staircase to the Elven Halls.
 20661 | Orc:2    | Noticed a stone giant
 20680 | Orc:2    | Killed a stone giant
 20712 | Orc:2    | Noticed Azrael
 20861 | Orc:1    | Killed Azrael
 21435 | Orc:1    | Noticed a stone giant
 21452 | Orc:1    | Killed a stone giant
 22030 | Orc:2    | Found a roughly hewn altar of Beogh.
 22096 | Orc:2    | Found a roughly hewn altar of Beogh.
 22111 | Orc:2    | Found Boreres's Distillery.
 22219 | Orc:2    | Reached XP level 15. HP: 135/135 MP: 24/24
 22366 | Orc:2    | Noticed an orc warlord
 22392 | Orc:2    | Killed an orc warlord
 22428 | Orc:2    | Found Rubisus's Antique Armour Shop.
 22429 | Orc:2    | Found a roughly hewn altar of Beogh.
 22431 | Orc:2    | Found Suinid's Antique Weapon Boutique.
 22492 | Orc:2    | Found a roughly hewn altar of Beogh.
 22515 | Orc:2    | Found a roughly hewn altar of Beogh.
 22591 | Orc:2    | Found a roughly hewn altar of Beogh.
 22594 | Orc:2    | Found Tidemoqi's Magic Scroll Shop.
 22623 | Orc:2    | Bought a scroll of identify for 34 gold pieces
 22623 | Orc:2    | Bought a scroll of identify for 34 gold pieces
 22709 | Orc:2    | Bought a glowing hat for 350 gold pieces
 22927 | Orc:2    | Bought a potion of berserk rage for 60 gold pieces
 22927 | Orc:2    | Bought a potion of cancellation for 96 gold pieces
 22927 | Orc:2    | Bought a potion of agility for 48 gold pieces
 22927 | Orc:2    | Bought a potion of invisibility for 96 gold pieces
 23004 | D:11     | Bought 3 scrolls of enchant armour for 607 gold pieces
 23217 | D:12     | Gained mutation: Your flesh is cold resistant. (rC+) [mutagenic meat]
 23220 | D:12     | Gained mutation: Your muscles are strong. (Str +2) [mutagenic meat]
 23223 | D:12     | Gained mutation: Potions and wands are less effective at restoring your health. [mutagenic meat]
 23226 | D:12     | Gained mutation: You are resistant to hostile enchantments. (MR+) [mutagenic meat]
 23242 | D:12     | Noticed Frances
 23269 | D:12     | Killed Frances
 23380 | D:12     | Gained mutation: Your flesh is very cold resistant. (rC++) [potion of beneficial mutation]
 23905 | D:12     | Noticed Nessos
 23918 | D:12     | Killed Nessos
 24269 | D:13     | Identified Iforchut's Tome of Enthralling Talismans
 24432 | D:13     | Noticed a fire giant
 25283 | D:13     | Killed a fire giant
 25752 | D:14     | Found a frozen archway.
 25772 | IceCv    | Entered an ice cave
 26524 | D:14     | Reached XP level 16. HP: 142/146 MP: 26/26
 26789 | D:14     | Found a gate to the Vaults.
 27163 | D:15     | Entered Level 15 of the Dungeon
 27294 | D:15     | Found an ancient bone altar of Kikubaaqudgha.
 27295 | D:15     | Found an iron altar of Okawaru.
 27295 | D:15     | Found a radiant altar of Vehumet.
 27391 | D:15     | Found a staircase to the Depths.
 27608 | D:15     | Noticed a sphinx
 27618 | D:15     | Paralysed by a sphinx for 2 turns
 27618 | D:15     | Killed a sphinx
 27721 | D:15     | Noticed Agnes
 27753 | D:15     | Killed Agnes
 28132 | D:15     | Noticed a tengu reaver
 28140 | D:15     | Killed a tengu reaver
 28140 | D:15     | Reached skill level 1 in Crossbows
 28204 | D:15     | Identified the Guide on Doomed Lightness
 28210 | D:15     | Identified the Disquisition on Poisonous Attacks
 28213 | D:15     | Got a slimy tin ring
 28214 | D:15     | Identified the Reference Book on Assistive Black Rituals
 28216 | D:15     | Identified the Almanac of Attacks
 28270 | D:15     | Identified the ring "Xygi" {+Fly Str-5 Dex+4 SInv Stlth+} (You found it on level 15 of the Dungeon)
 28296 | D:15     | Noticed a tengu reaver
 28320 | D:15     | Killed a tengu reaver
 28389 | D:15     | Reached skill level 15 in Fighting
 28434 | D:15     | Reached XP level 17. HP: 156/156 MP: 27/27
 28770 | Swamp:1  | Entered Level 1 of the Swamp
 31393 | Swamp:3  | Reached skill level 15 in Invocations
 31396 | Swamp:4  | Entered Level 4 of the Swamp
 32505 | Swamp:4  | Reached XP level 18. HP: 166/166 MP: 29/29
 32519 | Swamp:4  | Got a decaying rune of Zot
 33214 | Snake:1  | Entered Level 1 of the Snake Pit
 33214 | Snake:1  | Noticed mamga's ghost (journeyman CeBe)
 33230 | Snake:1  | Killed mamga's ghost
 34816 | Snake:2  | Noticed Nikola
 34840 | Snake:2  | Killed Nikola
 36308 | Snake:3  | Reached skill level 15 in Armour
 36630 | Snake:4  | Entered Level 4 of the Snake Pit
 36697 | Snake:4  | Found a flickering gateway to a bazaar.
 36732 | Bazaar   | Entered a bazaar
 36732 | Bazaar   | Found Uqeoklat's Weapon Shop.
 36732 | Bazaar   | Found Nirroen's Book Emporium.
 36732 | Bazaar   | Found Baappoaxt's Book Shop.
 36732 | Bazaar   | Found Zubios's Weapon Shoppe.
 36734 | Bazaar   | Found Imehor's Gadget Shoppe.
 37198 | Snake:4  | Reached XP level 19. HP: 157/174 MP: 31/31
 37541 | Snake:4  | Got a serpentine rune of Zot
 37606 | Snake:4  | Reached skill level 15 in Shields
 37973 | Snake:4  | Found Zoschaun's Jewellery Boutique.
 37973 | Snake:4  | Found Igumma Ikhla's Gadget Emporium.
 37974 | Snake:4  | Found Xicir's Gadget Emporium.
 37991 | Snake:4  | Bought a +3 ring of strength for 251 gold pieces
 37991 | Snake:4  | Bought the amulet "Sathrix" {Reflect rPois rC- rN+ Dex+2 SH+4} for 601 gold pieces
 38468 | Elf:1    | Entered Level 1 of the Elven Halls
 38599 | Elf:1    | Found a magical portal.
 38608 | WizLab   | Entered Wucad Mu's Monastery
 39285 | Elf:1    | Gained mutation: Potions and wands are poor at restoring your health. [a neqoxec]
 40188 | Elf:2    | Found Kabbeus's Assorted Antiques.
 40192 | Elf:2    | Bought a glass wand for 104 gold pieces
 40294 | Elf:2    | Reached XP level 20. HP: 154/186 MP: 32/32
 40295 | Elf:2    | Found a runed gate.
 40295 | Elf:2    | Found a runed gate.
 40467 | Elf:2    | Found a runed gate.
 40687 | Elf:2    | Found a radiant altar of Vehumet.
 41006 | Elf:2    | Noticed Jorgrun
 41032 | Elf:2    | Killed Jorgrun
 41825 | Vaults:1 | Entered Level 1 of the Vaults
 42227 | Vaults:1 | Noticed a Brimstone Fiend
 42862 | Vaults:1 | Reached XP level 21. HP: 194/194 MP: 33/33
 43168 | Vaults:2 | Identified the Incunabulum of Cankerous Air
 44114 | Vaults:2 | Found a staircase to the Crypt.
 44114 | Vaults:2 | Found an ancient bone altar of Kikubaaqudgha.
 44115 | Vaults:2 | Found a basalt altar of Yredelemnul.
 44819 | Vaults:3 | Reached skill level 27 in Axes
 45150 | Vaults:3 | Reached XP level 22. HP: 172/208 MP: 34/34
 45532 | Vaults:3 | Gained mutation: Your mind is acute. (Int +2) [mutagenic meat]
 45538 | Vaults:3 | Gained mutation: You have an increased reservoir of magic. (+10% MP) [mutagenic meat]
 45541 | Vaults:3 | Gained mutation: You have very sharp teeth. [mutagenic meat]
 45544 | Vaults:3 | Gained mutation: You are highly resistant to hostile enchantments. (MR++) [mutagenic meat]
 45550 | Vaults:3 | Lost mutation: Your muscles are strong. (Str +2) [mutagenic meat]
 46576 | Vaults:4 | Noticed Bai Suzhen
 46590 | Vaults:4 | Killed Bai Suzhen
 48148 | Depths:1 | Entered Level 1 of the Depths
 48285 | Depths:1 | Found a gateway to a ziggurat.
 48913 | Depths:1 | Found Buifud's Antique Armour Shoppe.
 48914 | Depths:1 | Found a gateway to Hell.
 48954 | Depths:1 | Found Teliet's Book Shop.
 49374 | Depths:1 | Noticed Mara
 49384 | Depths:1 | Noticed nixsoul's illusion
 49413 | Depths:1 | Killed Mara
 49413 | Depths:1 | Reached XP level 23. HP: 193/221 MP: 39/39
 50180 | Depths:2 | Reached skill level 1 in Dodging
 50251 | Depths:2 | Noticed a golden dragon
 50264 | Depths:2 | Killed a golden dragon
 50272 | Depths:2 | Noticed a golden dragon
 50279 | Depths:2 | Killed a golden dragon
 50320 | Depths:2 | Noticed a juggernaut
 50320 | Depths:2 | Noticed a juggernaut
 50332 | Depths:2 | Killed a juggernaut
 50347 | Depths:2 | Killed a juggernaut
 51073 | Depths:2 | Reached skill level 5 in Dodging
 51090 | Depths:2 | Reached XP level 24. HP: 234/234 MP: 39/39
 51710 | Depths:3 | Noticed a juggernaut
 51731 | Depths:3 | Killed a juggernaut
 51988 | Depths:3 | Found a one-way gate to the infinite horrors of the Abyss.
 52137 | Depths:3 | Found a one-way gate leading to the halls of Pandemonium.
 52499 | Depths:3 | Noticed toastedzergling's ghost (veteran HEAM)
 52515 | Depths:3 | Killed toastedzergling's ghost
 52786 | Depths:3 | Found a portal to a secret trove of treasure.
 53931 | Depths:4 | Noticed Jory
 53955 | Depths:4 | Killed Jory
 53997 | Depths:4 | Got a heavily runed glass ring
 53999 | Depths:4 | Identified the ring "Qyrud" {Ice rPois Dex+2} (You took it off a vampire knight on level 4 of the Depths)
 54103 | Depths:4 | Got a smoking emerald amulet
 54105 | Depths:4 | Identified the amulet "Vazotin" {rC+ Regen+ SInv} (You took it off a vampire knight on level 4 of the Depths)
 54243 | Depths:4 | Got a smoking amber ring
 54245 | Depths:4 | Identified the ring of Fiaqyed {+Fly Str+2} (You found it on level 4 of the Depths)
 54397 | Depths:4 | Reached XP level 25. HP: 244/244 MP: 39/39
 54602 | Depths:5 | Entered Level 5 of the Depths
 54664 | Depths:5 | Noticed the Enchantress
 54696 | Depths:5 | Killed the Enchantress
 54714 | Depths:5 | Gained mutation: You have extremely sharp teeth. [potion of mutation]
 54714 | Depths:5 | Gained mutation: You are partially covered in iridescent scales. (AC +2) [potion of mutation]
 54717 | Depths:5 | Got faerie dragon scales
 54737 | Depths:5 | Identified the +1 faerie dragon scales {rN+} (You took it off the Enchantress on level 5 of the Depths)
 54905 | Depths:5 | Noticed Xtahua
 54917 | Depths:5 | Killed Xtahua
 55659 | Depths:5 | Reached skill level 10 in Dodging
 55695 | Depths:5 | Found a gate to the Realm of Zot.
 56131 | Orc:2    | Bought a potion of cure mutation for 300 gold pieces
 56131 | Orc:2    | Bought a potion of cure mutation for 300 gold pieces
 56269 | Orc:2    | Bought a scroll of blinking for 127 gold pieces
 56269 | Orc:2    | Bought a scroll of teleportation for 51 gold pieces
 56269 | Orc:2    | Bought a scroll of teleportation for 51 gold pieces
 56269 | Orc:2    | Bought a scroll of teleportation for 51 gold pieces
 56553 | D:5      | Bought a faintly glowing plate armour for 476 gold pieces
 56564 | D:5      | Identified the cursed +0 plate armour of Syser {*Contam rC+++ Str+2} (You bought it in a shop on level 5 of the Dungeon)
 56988 | Vaults:5 | Entered Level 5 of the Vaults
 57163 | Vaults:5 | Reached XP level 26. HP: 187/257 MP: 39/39
 57599 | Vaults:5 | Got a translucent great sword
 57602 | Vaults:5 | Identified the +3 great sword of Insufficient Pleasure {flame, rPois rC+ Str+2 Int+4 Dex+4} (You found it on level 5 of the Vaults)
 57889 | Vaults:5 | Got a silver rune of Zot
 58026 | Vaults:5 | Got a scorched ruby amulet
 58029 | Vaults:5 | Identified the amulet of Law {Harm *Corrode *Drain rF+++ MR++} (You took it off a deep elf high priest on level 5 of the Vaults)
 59354 | Zot:1    | Entered Level 1 of the Realm of Zot
 59552 | Zot:1    | Reached XP level 27. HP: 268/268 MP: 14/39
 60436 | Zot:2    | Gained mutation: You are frail. (-10% HP) [potion of mutation]
 60971 | Zot:2    | Noticed an orb of fire
 61499 | Zot:3    | Lost mutation: Your flesh is very cold resistant. (rC++) [potion of mutation]
 61499 | Zot:3    | Gained mutation: You evolve. [potion of mutation]
 61540 | Zot:3    | Noticed an orb of fire
 61545 | Zot:3    | Gained mutation: You are clumsy. (Dex -2) [an orb of fire]
 61552 | Zot:3    | Gained mutation: You are weak. (Str -2) [an orb of fire]
 61566 | Zot:3    | Gained mutation: You are very frail. (-20% HP) [an orb of fire]
 61567 | Zot:3    | Killed an orb of fire
 61872 | Zot:3    | Lost mutation: Potions and wands are poor at restoring your health. [evolution]
 62075 | Zot:3    | Noticed an orb of fire
 62085 | Zot:3    | Gained mutation: You tend to lose your temper in combat. [an orb of fire]
 62097 | Zot:3    | Killed an orb of fire
 62097 | Zot:3    | Reached skill level 27 in Fighting
 63063 | Zot:4    | Found a hide-covered altar of Uskayaw.
 64169 | Zot:5    | Entered Level 5 of the Realm of Zot
 64320 | Zot:4    | Reached skill level 15 in Dodging
 64496 | Zot:5    | Noticed an ancient lich
 64528 | Zot:5    | Noticed an orb of fire
 64536 | Zot:5    | Killed an ancient lich
 64546 | Zot:5    | Noticed an orb of fire
 64551 | Zot:5    | Gained mutation: You are very clumsy. (Dex -4) [an orb of fire]
 64552 | Zot:5    | Killed an orb of fire
 64566 | Zot:5    | Noticed an orb of fire
 64573 | Zot:5    | Gained mutation: You often lose your temper in combat. [an orb of fire]
 64574 | Zot:5    | Gained mutation: You have an uncontrollable temper. [an orb of fire]
 64574 | Zot:5    | Gained mutation: Scrolls take you a little longer to read. [an orb of fire]
 64575 | Zot:5    | Gained mutation: Armour fits poorly on your strangely shaped body. [an orb of fire]
 64576 | Zot:5    | Gained mutation: Potions and wands are poor at restoring your health. [an orb of fire]
 64584 | Zot:5    | Killed an orb of fire
 64586 | Zot:5    | Noticed an orb of fire
 64596 | Zot:5    | Lost mutation: You have an increased reservoir of magic. (+10% MP) [an orb of fire]
 64599 | Zot:5    | Gained mutation: Your body sometimes deteriorates upon taking damage. [an orb of fire]
 64603 | Zot:5    | Killed an orb of fire
 64610 | Zot:5    | Killed an orb of fire
 64617 | Zot:5    | Noticed an orb of fire
 64618 | Zot:5    | Lost mutation: You are weak. (Str -2) [an orb of fire]
 64644 | Zot:5    | Killed an orb of fire
 64687 | Zot:5    | Noticed an ancient lich
 64704 | Zot:5    | Killed an ancient lich
 64718 | Zot:5    | Noticed an orb of fire
 64728 | Zot:5    | Gained mutation: You expend magic power (3 MP) to strengthen your wands. [an orb of fire]
 64729 | Zot:5    | Lost mutation: You have an uncontrollable temper. [an orb of fire]
 64737 | Zot:5    | Lost mutation: Your mind is acute. (Int +2) [an orb of fire]
 64740 | Zot:5    | Killed an orb of fire
 64742 | Zot:5    | Reached skill level 27 in Armour
 64946 | Zot:5    | Noticed an orb of fire
 64951 | Zot:5    | Gained mutation: Your magical capacity is low. (-10% MP) [an orb of fire]
 64953 | Zot:5    | Gained mutation: Scrolls take you longer to read. [an orb of fire]
 64966 | Zot:5    | HP: 9/218 [rime drake/flash freeze[a green draconian caller] (16)]
 64968 | Zot:5    | Noticed an orb of fire
 64972 | Zot:5    | Gained mutation: You are occasionally teleported next to monsters. [an orb of fire]
 64982 | Zot:5    | HP: 7/218 [orb of fire/bolt of fire (18)]
 64982 | Zot:5    | Lost mutation: Your magical capacity is low. (-10% MP) [an orb of fire]
 64990 | Zot:5    | Lost mutation: Armour fits poorly on your strangely shaped body. [potion of cure mutation]
 64990 | Zot:5    | Lost mutation: Scrolls take you longer to read. [potion of cure mutation]
 64990 | Zot:5    | Lost mutation: You are very frail. (-20% HP) [potion of cure mutation]
 64990 | Zot:5    | Lost mutation: You are frail. (-10% HP) [potion of cure mutation]
 64990 | Zot:5    | Gained mutation: You have an uncontrollable temper. [an orb of fire]
 64991 | Zot:5    | Lost mutation: Your body sometimes deteriorates upon taking damage. [potion of cure mutation]
 64991 | Zot:5    | Lost mutation: Scrolls take you a little longer to read. [potion of cure mutation]
 64991 | Zot:5    | Lost mutation: You expend magic power (3 MP) to strengthen your wands. [potion of cure mutation]
 64991 | Zot:5    | Lost mutation: You have an uncontrollable temper. [potion of cure mutation]
 64994 | Zot:5    | Lost mutation: You are very clumsy. (Dex -4) [potion of cure mutation]
 64994 | Zot:5    | Lost mutation: You are occasionally teleported next to monsters. [potion of cure mutation]
 64994 | Zot:5    | Lost mutation: You are highly resistant to hostile enchantments. (MR++) [potion of cure mutation]
 64994 | Zot:5    | Lost mutation: Your flesh is cold resistant. (rC+) [potion of cure mutation]
 64994 | Zot:5    | HP: 3/273 [orb of fire/fireball (15)]
 64996 | Zot:5    | Killed from afar by an orb of fire

Vault maps used:
D:1:      lightli_arrival_statue_moat, minmay_lizard_king
D:2:      eat_drink_and_be_merry_uskayaw, roderic_hopi_sauvastika, uniq_iyjb
D:3:      overflow_temple_1_default, grunt_gozag_statues, first_bread,
          minmay_misc_feat_more_columns, kennysheep_generic_room_4
D:4:      makhleb_altar_promises_db
D:5:      serial_shops, shop, uniq_pikel
D:6:      kennysheep_little_box, minmay_unpleasant_kobolds
D:7:      kennysheep_mini, elyvilon_altar_1,
          chequers_temple_overflow_statue_of_worship
D:8:      grunt_lair_entry_orc_guard_hut, david_nohive_1
D:9:      vehumet_altar_wand_db, hangedman_decor_clover_reticule, uniq_joseph,
          uniq_grum
D:10:     serial_shops, shop, lemuel_flamethrower_1
D:11:     erik_orc_4, serial_shops, shop, nicolae_shop_overgrown_old_shop,
          kennysheep_mini_moat
D:12:     uniq_frances, uniq_nessos
D:13:     kennysheep_four_of_diamonds
D:14:     grunt_vaults_entry_tiered, portal_ice_cave_entry_imps,
          infiniplex_staircase_trident
D:15:     hangedman_slaughterboxes, uniq_agnes
Lair:1:   lab_entry_generic, minmay_stone_trees_large, serial_bayou_pond_e
Lair:2:   enter_volcano_4, grunt_megastairs_1, serial_bayou_shore_a
Lair:3:   minmay_swamp_entry_reptiles, dummy_snake_entry, grunt_megastairs_5
Lair:4:   lemuel_fruit_fields, infiniplex_staircase_pool_2
Lair:5:   slime_altar_1, columned_hall_lemuel, uniq_rupert
Lair:6:   grunt_lair_end_beastmaster, wad_woods_02
Swamp:1:  infiniplex_staircase_pool
Swamp:2:  evilmike_swamp_ruin_house_1, swamp_pool1
Swamp:3:  evilmike_swamp_ruin_house_2
Swamp:4:  swamp_basic_johnstein, swamp_pool1
Snake:2:  uniq_nikola
Snake:3:  statue_in_the_mist_lemuel, grunt_ministairs_15,
          nicolae_coiled_stairwell_up
Snake:4:  snake_pit, serial_shops, bzr_entry_lakeside, serial_bayou_lagoon_a,
          lemuel_fruit_tree, minmay_shop_grove
Orc:2:    grunt_orc_community_town_hall, grunt_orc_community_big_house_1,
          grunt_orc_community_big_house_2, grunt_orc_community_house_2,
          grunt_orc_community_house_1, grunt_orc_community_house_2,
          grunt_orc_community_house_1, grunt_orc_community_house_2, uniq_azrael
Elf:1:    mu_enter_wizlab_5, kennysheep_underground_church
Elf:2:    serial_shops, nicolae_shop_behind_doors, basic_altar, uniq_jorgrun
Vaults:1: hangedman_vaults_slice, nicolae_vaults_angled_halls,
          dpeg_vaults_monster_box, v_rooms_5, nicolae_vaults_circle_grid_a,
          ontoclasm_vaults_loading_screen, nicolae_vaults_little_squares_3,
          vaults_room_corners, hangedman_vaults_stagger, v_misc_25,
          nicolae_vaults_octagons, nicolae_vaults_network_star,
          nicolae_vaults_specimen_jars, ontoclasm_vaults_idyll
Vaults:2: nicolae_vaults_circle_grid_a, vaults_mumra_chevron,
          nicolae_vaults_display_case, minmay_crypt_entry_necro_gods,
          hangedman_vaults_nodes, v_alt_pattern_2, v_misc_15, v_rooms_4,
          hangedman_vaults_trim, nicolae_vaults_border_crossing,
          ontoclasm_vaults_loading_screen, hangedman_vaults_impose,
          grunt_vaults_bifocal, v_pattern_2
Vaults:3: grunt_vaults_swirl, vaults_dpeg_ring,
          nicolae_vaults_mini_display_case, ontoclasm_vaults_twist,
          grunt_vaults_hallway_long, v_misc_18, vaults_room_pools,
          vaults_dpeg_encased_lava, v_misc_30, ontoclasm_vaults_eye,
          nicolae_vaults_little_squares_2, vaults_mumra_lcd,
          vaults_mumra_hexcomb
Vaults:4: ontoclasm_vaults_ring_square, nicolae_vaults_little_squares_4,
          st_more_cells, v_pattern_5, vaults_room_fours, v_misc_18,
          uniq_bai_suzhen
Depths:1: lemuel_troll_bridge, enter_ziggurat_d, serial_shops,
          nicolae_shop_statue_plus, hell_entry, minmay_variable_closet,
          hangedman_decor_peaks_small, kennysheep_small_circle, uniq_mara
Depths:2: gammafunk_depths_water_palace, grunt_hell_horde,
          hangedman_cracks_in_the_wall
Depths:3: minmay_crescents, abyss_entry, rand_demon_pan_entry_9,
          grunt_hell_entry_dis_mu, nicolae_trove_entry_diagonal,
          infiniplex_staircase_pool_1
Depths:4: due_jory_tower, hell_entry, abyss_entry,
          hangedman_abyss_or_decor_stabs, kennysheep_generic_room_11,
          infiniplex_staircase_zigzag_2
Depths:5: evilmike_zot_entry_gauntlet, hell_entry, minmay_splitting_lines,
          uniq_enchantress, uniq_xtahua
Zot:2:    nicolae_moth_party, nrook_zot_tub, grunt_megastairs_2
Zot:4:    basic_altar
Zot:5:    basic_stair_grate_trap
Lab:      nicolae_lab_dead_adventurers, labyrinth_fake_exit, nicolae_lab_blocks,
          nicolae_lab_hexagon, labyrinth_skeletal_remains, nicolae_lab_grate
Bazaar:   bazaar_minmay_generic_island
IceCv:    ice_cave_small_dragons
WizLab:   wizlab_wucad

Skill      XL: |  1  2  3  4  5  6  7  8  9 10 11 12 13 14 15 16 17 18 19 20 21 22 23 24 25 26 27 |
---------------+----------------------------------------------------------------------------------+-----
Axes           | 3 4 5 6 7 9 10 11 13 14 16 17 18 20 21 22 23 24 25 27 | 27.0
Fighting       | 4 5 6 7 8 9 10 11 12 13 14 15 16 17 18 20 21 23 24 25 26 27 | 27.0
Invocations    | 2 4 5 7 9 10 11 13 14 15 16 17 | 17.0
Armour         | 4 5 6 7 8 10 11 12 13 14 15 16 17 18 19 21 22 23 24 27 | 27.0
Shields        | 4 5 6 7 8 9 10 11 12 13 14 15 | 15.0
Crossbows      | 1 |  1.9
Dodging        | 5 8 10 12 17 | 17.4

Action                   |  1- 3 |  4- 6 |  7- 9 | 10-12 | 13-15 | 16-18 | 19-21 | 22-24 | 25-27 || total
-------------------------+-------+-------+-------+-------+-------+-------+-------+-------+-------++-------
Melee: War axe           |   165 |   220 |   476 |   701 |   912 |       |       |       |       ||  2474
       Broad axe         |       |       |       |       |   644 |  1610 |  1519 |  1554 |  1770 ||  7097
       Bite              |       |       |       |       |       |       |       |   251 |   286 ||   537
Throw: Tomahawk          |       |       |       |       |       |     3 |       |       |       ||     3
Invok: Lesser Servant of |       |       |       |     3 |     2 |     7 |     3 |       |       ||    15
       Minor Destruction |       |       |       |     1 |       |    20 |       |       |       ||    21
       Greater Servant o |       |       |       |       |     2 |       |     1 |     2 |     5 ||    10
       Major Destruction |       |       |       |       |     1 |     1 |       |       |       ||     2
Evoke: Wand              |       |       |     4 |    17 |    13 |    48 |       |     1 |       ||    83
       Phantom mirror    |       |       |       |       |       |     1 |       |       |       ||     1
  Use: Potion            |       |     2 |       |    10 |     9 |     6 |     1 |       |    44 ||    72
       Scroll            |       |       |    22 |    12 |    23 |    18 |     6 |     3 |    12 ||    96
 Stab: Petrified         |       |       |       |       |     3 |       |       |     1 |       ||     4
       Petrifying        |       |       |       |       |     2 |       |       |       |       ||     2
       Distracted        |       |       |       |       |       |     3 |     2 |     3 |       ||     8
       Confused          |       |       |       |       |       |     1 |       |       |       ||     1
  Eat: Chunk             |     2 |     7 |     8 |    12 |    27 |    16 |    12 |    26 |    20 ||   130
       Beef jerky        |       |       |     2 |     3 |       |     2 |       |       |     1 ||     8
       Fruit             |       |       |     1 |     2 |     5 |     2 |       |     2 |       ||    12
       Meat ration       |       |       |     1 |       |     1 |     1 |     2 |       |     2 ||     7
       Royal jelly       |       |       |       |     3 |     3 |     4 |       |     2 |       ||    12
       Pizza             |       |       |       |       |     1 |       |       |     1 |     1 ||     3
       Bread ration      |       |       |       |       |       |       |     2 |     1 |     1 ||     4
Armor: Scale mail        |    65 |    69 |    21 |       |       |       |       |       |       ||   155
       Chain mail        |       |       |   218 |   125 |       |       |       |       |       ||   343
       Crystal plate arm |       |       |       |   190 |   670 |  1066 |   679 |   665 |   905 ||  4175
Dodge: Dodged            |    62 |    62 |    80 |    99 |   157 |   281 |   152 |   463 |   918 ||  2274
Block: Shield            |    89 |    78 |   187 |   412 |  1045 |  1219 |  1052 |  1322 |  1492 ||  6896
       Reflection        |       |       |       |       |    30 |    11 |    93 |    75 |    37 ||   246
